 Dungeon Sprint DCSS version 0.27.1-4-g1640c2035a (webtiles) character file.

Game seed: 866131573925189489

15 boopmooplesden the Skirmisher (level 2, -1/29 HPs)
             Began as a Minotaur Abyssal Knight on Nov 11, 2021.
             Was a Believer of Lugonu.
             Slain by a river rat (8 damage)
             ... while paralysed by a floating eye
             ... in the Dungeon (Sprint VII: "The Pits").
             The game lasted 00:00:40 (103 turns).

boopmooplesden the Skirmisher (MiAK)                 Turns: 103, Time: 00:00:41

Health: -1/29      AC:  3    Str: 16    XL:     2   Next: 34%
Magic:  2/2        EV:  2    Int:  9    God:    Lugonu [**....]
Gold:   0          SH:  0    Dex:  9    Spells: 1/1 levels left

rFire    . . .     SeeInvis .   l - +2 falchion
rCold    . . .     Faith    .   (no shield)
rNeg     . . .     Spirit   .   b - +0 leather armour
rPois    .         Reflect  .   (helmet restricted)
rElec    .         Harm     .   (no cloak)
rCorr    .         Rampage  .   (no gloves)
Will     .....     NoTele   +   (no boots)
Stlth    +.........             (no amulet)
HPRegen  0.09/turn              (no ring)
MPRegen  0.08/turn              (no ring)

@: paralysed
A: horns 2, retaliatory headbutt
a: Renounce Religion, Bend Space


You were in the Dungeon.
You worshipped Lugonu.
Lugonu was pleased with you.
You visited 1 branch

Inventory:

Hand Weapons
 a - a +1 falchion
 l - a +2 falchion (weapon)
Armour
 b - a +0 leather armour (worn)
Scrolls
 h - a scroll of blinking
 j - 5 scrolls of amnesia
 k - a scroll of summoning
Potions
 c - a potion of curing
 d - a potion of heal wounds
 e - a potion of haste
 f - 4 potions of magic
 g - 3 potions of berserk rage
 i - 2 potions of invisibility


   Skills:
 + Level 5.6 Fighting
 + Level 3.7 Long Blades
 + Level 3.1 Armour
 + Level 1.1 Dodging
 + Level 2.2 Invocations


You had one spell level left.
You didn't know any spells.
Your spell library was empty.

Dungeon Overview and Level Annotations

Branches:
Dungeon (1/1)

Altars:
Ashenzari
Cheibriados
Dithmenos
Elyvilon
Fedhas
Gozag
Hepliaklqana
Kikubaaqudgha
Makhleb
Nemelex Xobeh
Okawaru
Qazlal
Ru
Sif Muna
Trog
Uskayaw
Vehumet
Wu Jian
Xom
Yredelemnul
Zin
The Shining One
Beogh
Jiyva
Lugonu


Innate Abilities, Weirdness & Mutations

You have a pair of horns on your head.
You reflexively headbutt those who attack you in melee.


Message History

Your headbutt misses the frilled lizard.
The frilled lizard is heavily wounded.
The goblin hits you but does no damage. The frilled lizard bites you.
The goblin hits you with a +0 dagger.
You hit the frilled lizard.
You kill the frilled lizard!
Lugonu accepts your kill. The goblin barely misses you.
You hit the goblin. You headbutt the goblin.
You kill the goblin!
Lugonu accepts your kill.
You see here a +0 dagger.
You open the door.
A river rat comes into view.
The river rat moves out of view.
A quokka, a floating eye and a giant cockroach come into view.
The floating eye turns its gaze towards you.
The floating eye's stare focuses on you.
There is an open door here.
You hit the quokka.
The quokka is moderately wounded.
The quokka bites you but does no damage.
You hit the quokka but do no damage. You headbutt the quokka.
The quokka is almost dead.
The quokka closely misses you.
You closely miss the quokka.
The quokka is almost dead.
The quokka bites you. The river rat barely misses you.
The quokka completely misses you.
You hit the quokka but do no damage. Your headbutt misses the quokka.
The quokka is almost dead.
The quokka bites you.
The floating eye gazes piercingly through you!
You suddenly lose the ability to move!
The river rat bites you!
The quokka twitches its whiskers.
The quokka bites you.
* * * LOW HITPOINT WARNING * * *
The floating eye's stare focuses on you.
The river rat bites you!
You die...

#.?(.')))'.##......#.
##########.##........
#......†....'........
#+#####†#####......#.
#.....# #........
#.....# ####'####
###'### #.......#
#.)r..# #.......#
#.@rG.# #.......#
####'## #...<...#
#.r......##.......#
#.G......##.......#
###########.......#
#########


You could see a floating eye (charged), a river rat and a quokka.

Vanquished Creatures
  An adder (D)
  An adder zombie (D)
  A goblin (D)
  A bat (D)
  A frilled lizard (D)
5 creatures vanquished.

Notes
Turn   | Place    | Note
-------+----------+-------------------------------------------
     0 | D        | boopmooplesden the Minotaur Abyssal Knight began the quest
                  | for the Orb.
     0 | D        | Reached XP level 1. HP: 19/19 MP: 1/1
    13 | D        | Reached skill level 4 in Fighting
    42 | D        | Found a bloodstained altar of Trog.
    42 | D        | Found a shimmering blue altar of Sif Muna.
    42 | D        | Found a viscous altar of Jiyva.
    42 | D        | Found a hazy altar of Hepliaklqana.
    42 | D        | Found an opulent altar of Gozag.
    43 | D        | Found a glowing golden altar of the Shining One.
    43 | D        | Found a glowing silver altar of Zin.
    43 | D        | Found a basalt altar of Yredelemnul.
    43 | D        | Found a shimmering altar of Xom.
    43 | D        | Found an ornate altar of the Wu Jian Council.
    43 | D        | Found a sacrificial altar of Ru.
    43 | D        | Found a stormy altar of Qazlal.
    43 | D        | Found an iron altar of Okawaru.
    43 | D        | Found a sparkling altar of Nemelex Xobeh.
    43 | D        | Found a burning altar of Makhleb.
    43 | D        | Found a blossoming altar of Fedhas.
    43 | D        | Found a white marble altar of Elyvilon.
    43 | D        | Found a shadowy altar of Dithmenos.
    43 | D        | Found a snail-covered altar of Cheibriados.
    45 | D        | Found a corrupted altar of Lugonu.
    45 | D        | Found a radiant altar of Vehumet.
    46 | D        | Found an ancient bone altar of Kikubaaqudgha.
    46 | D        | Found a hide-covered altar of Uskayaw.
    46 | D        | Found a broken altar of Ashenzari.
    80 | D        | Reached ** piety under Lugonu
    81 | D        | Reached skill level 5 in Fighting
    81 | D        | Reached XP level 2. HP: 24/29 MP: 2/2
    96 | D        | Noticed a floating eye
   102 | D        | Paralysed by a floating eye for 2 turns
   103 | D        | Slain by a river rat

Illustrated notes

Levels and vault maps discovered:
D:        pitsprint [storerooms_1, entrance_room_1, metal_vault_6, armoury_1,
          mini_pit_1, grid_room_1, main_hall_1, silver_pit, the_coven_1,
          the_vestibule_1, steel_vault_4, golden_pit, hallway_of_sentries,
          crystal_vault_1, iron_vault_4, final_vault]

Skill      XL: |  1 |
---------------+----+-----
Fighting       | 5 |  5.6
Long Blades    | 3 |  3.7
Invocations    | 2 |  2.2
Armour         | 3 |  3.1
Dodging        | |  1.1

Action                   || total
-------------------------++-------
Melee: Falchion          ||    15
       Headbutt          ||     3
Armor: Leather armour    ||     5
Dodge: Dodged            ||    10
       Rpst.: Falchion   ||     1
